 Dungeon Crawl Stone Soup version 0.29.1-12-g30fa7ad0bf (webtiles) character file.

Game seed: 5980807587262256002

104087 concernfroge the Nimble (level 15, -5/124 HPs)
             Began as a Mummy Monk on Dec 17, 2022.
             Was a High Priest of Ashenzari.
             Slain by a white ugly thing (10 damage)
             ... on level 15 of the Dungeon.
             The game lasted 01:39:14 (25232 turns).

concernfroge the Nimble (Mummy Monk)               Turns: 25232, Time: 01:39:15

Health: -5/124     AC: 34    Str: 20    XL:     15   Next: 90%
Magic:  15/15      EV:  9    Int: 12    God:    Ashenzari [*****.]
Gold:   1534       SH: 19    Dex: 14    Spells: 14/14 levels left

rFire   . . .      SeeInvis +   a - +0 eveningstar (flame)
rCold   + . .      Faith    .   d - +0 tower shield "Discomfort of Ashenzari" {Evo, Self} (curse)
rNeg    + + +      Spirit   .   r - +18 Lear's hauberk {Comp, Self} (curse)
rPois   ∞          Reflect  +   (helmet currently unavailable)
rElec   .          Harm     .   F - +2 cloak "Tethered Augurer" {Range, Melee} (curse)
rCorr   .          Rampage  .   (gloves currently unavailable)
Will    +....      Clarity  +   (boots currently unavailable)
Stlth   ..........              j - amulet of the Esoteric Sky {Reflect SH+5, Comp, Fort} (curse)
HPRegen 0.30/turn               i - ring of the Profound Portent {Slay+4, Range, Evo} (curse)
MPRegen 0.14/turn               p - ring "Shackled Chagrin" {rF+, Range, Evo} (curse)

@: no status effects
A: cold resistance 1, negative energy resistance 3, torment resistance 2, heat
vulnerability 1, in touch with death 2, no potions
a: Renounce Religion, Shatter the Chains


You were on level 15 of the Dungeon.
You worshipped Ashenzari.
Ashenzari was extremely pleased with you.
You visited 4 branches of the dungeon, and saw 23 of its levels.

You collected 2389 gold pieces.
You spent 855 gold pieces at shops.

Inventory:

Hand Weapons
 a - a +0 eveningstar of flaming (weapon)
 b - the +3 greatsling "Punk" {acid, rCorr}
   (You found it on level 9 of the Dungeon)

   Any ammunition fired from it is coated in acid, damaging and corroding those
   it strikes.
   rCorr:     It protects you from acid and corrosion.
Missiles
 f - 158 stones
 o - 18 boomerangs
 q - 25 poisoned darts (quivered)
 v - 4 throwing nets
Armour
 d - the cursed +0 tower shield "Discomfort of Ashenzari" (worn) {Evo, Self}
   (You found it on level 14 of the Dungeon)

   It has a curse which improves the following skills: Evocations: Evocations.
   Introspection: Fighting and Spellcasting.
 k - a +2 helmet
 r - the cursed +18 Lear's hauberk (worn) {Comp, Self}
   (You found it on level 3 of the Dungeon)

   It has a curse which improves the following skills: Companions: Summonings
   and Necromancy.
   Introspection: Fighting and Spellcasting.
 F - the cursed +2 cloak "Tethered Augurer" (worn) {Range, Melee}
   (You found it on level 2 of the Lair of Beasts)

   It has a curse which improves the following skills: Ranged Combat: Ranged
   Weapons and Throwing.
   Melee Combat: Short Blades, Long Blades, Axes, Maces & Flails, Polearms,
   Staves and Unarmed Combat.
Jewellery
 i - the cursed ring of the Profound Portent (left hand) {Slay+4, Range, Evo}
   (You found it on level 11 of the Dungeon)

   [ring of slaying]

   Slay:      It affects your accuracy & damage with ranged weapons and melee
   (+4).
   It has a curse which improves the following skills: Ranged Combat: Ranged
   Weapons and Throwing.
   Evocations: Evocations.
 j - the cursed amulet of the Esoteric Sky (around neck) {Reflect SH+5, Comp, Fort}
   (You found it on level 8 of the Dungeon)

   [amulet of reflection]

   It reflects blocked missile attacks.
   SH:        It affects your SH (+5).
   It has a curse which improves the following skills: Companions: Summonings
   and Necromancy.
   Fortitude: Armour and Shields.
 p - the cursed ring "Shackled Chagrin" (right hand) {rF+, Range, Evo}
   (You found it on level 3 of the Dungeon)

   [ring of protection from fire]

   rF:        It protects you from fire.
   It has a curse which improves the following skills: Ranged Combat: Ranged
   Weapons and Throwing.
   Evocations: Evocations.
 z - an amulet of regeneration
 A - a +4 ring of evasion
 E - a ring of protection from fire
Wands
 t - a wand of polymorph (6)
 w - a wand of paralysis (2)
 D - a wand of acid (5)
 H - a wand of roots (22)
Scrolls
 c - a scroll of magic mapping
 e - 4 scrolls of teleportation
 g - 2 scrolls of poison
 h - a scroll of silence
 l - 2 scrolls of immolation
 m - 3 scrolls of summoning
 n - 5 scrolls of blinking
 s - a scroll of noise
 u - 2 scrolls of amnesia
 x - 3 scrolls of vulnerability
 y - a scroll of fog
 B - 3 scrolls of enchant weapon
 G - a scroll of fear


   Skills:
 - Level 10.0(13.4) Fighting
 + Level 3.7(9.5) Maces & Flails
 - Level 2.4(8.6) Polearms
 - Level 11.6(14.2) Staves
 - Level 10.5(15.0) Ranged Weapons
 - Level 5.6(10.0) Throwing
 - Level 11.7(14.0) Armour
 - Level 12.0 Dodging
 - Level 1.5 Stealth
 + Level 3.7(5.8) Shields
 - Level 6.5(11.0) Evocations


You had 14 spell levels left.
You didn't know any spells.
Your spell library contained the following spells:

 Spells                   Type           Power      Damage    Failure   Level
 Foxfire                  Conj/Fire      0%         2x1d4     100%        1
 Freeze                   Ice            0%         1d3       100%        1
 Necrotise                Necr           12%        1d4       100%        1
 Summon Small Mammal      Summ           4%         N/A       100%        1
 Static Discharge         Conj/Air       0%         3-3/arc   100%        2
 Call Canine Familiar     Summ           1%         N/A       100%        3
 Conjure Flame            Conj/Fire      0%         6-21      100%        3
 Frozen Ramparts          Ice            0%         1d1       100%        3
 Inner Flame              Hex/Fire       0%         N/A       100%        3
 Ozocubu's Armour         Ice            0%         N/A       100%        3
 Summon Guardian Golem    Hex/Summ       0%         N/A       100%        3
 Vampiric Draining        Necr           3%         2d6       100%        3
 Cause Fear               Hex            0%         N/A       100%        4
 Dispel Undead            Necr           3%         3d7       100%        4
 Flame Wave               Conj/Fire      0%         2d4       100%        4
 Hailstorm                Conj/Ice       0%         3d3       100%        4
 Sticky Flame             Conj/Fire      0%         2d3       100%        4
 Agony                    Necr           3%         N/A       100%        5
 Fireball                 Conj/Fire      0%         3d3       100%        5
 Starburst                Conj/Fire      0%         6d3       100%        6
 Ozocubu's Refrigeration  Ice            0%         4d7       100%        7
 Discord                  Hex            0%         N/A       100%        8
 Ignition                 Fire           0%         3d3       100%        8


Dungeon Overview and Level Annotations

Branches:
Dungeon (15/15)            Temple (1/1) D:7            Lair (5/5) D:8
  Swamp (0/4) Lair:2        Snake (0/4) Lair:3        Slime (0/5) Lair:4
    Orc (2/2) D:10            Elf (0/3) Orc:2        Vaults (0/5) D:14
 Depths (0/4) D:15

Altars:
Ashenzari
Cheibriados
Dithmenos
Fedhas
Gozag
Hepliaklqana
Kikubaaqudgha
Makhleb
Nemelex Xobeh
Okawaru
Qazlal
Ru
Sif Muna
Trog
Uskayaw
Vehumet
Wu Jian
Xom
Yredelemnul

Shops:
D:9 :   Orc:1 !   Orc:2 ?*(**

Annotations:
D:2 1 runed translucent door, Crazy Yiuf
D:12 2 runed translucent doors, SirLogeyBear's ghost, journeyman HOBe
D:15 Jorgrun


Innate Abilities, Weirdness & Mutations

You are immune to poison.
Your flesh is cold resistant. (rC+)
You are immune to negative energy. (rN+++)
You are immune to unholy pain and torment.
You are vulnerable to heat. (rF-)
You are strongly in touch with the powers of death.
You do not drink.


Message History

The brown ugly thing closely misses you.
The white ugly thing trunk-slaps you but does no damage.
You closely miss the brown ugly thing.
The brown ugly thing is severely wounded.
You block the white ugly thing's attack.
The brown ugly thing gores you.
You are splashed with acid!
You closely miss the brown ugly thing.
The brown ugly thing is severely wounded.
You block the white ugly thing's attack.
The brown ugly thing gores you but does no damage.
You block the white ugly thing's attack.
The brown ugly thing gores you.
You are splashed with acid!
* * * LOW HITPOINT WARNING * * *
You hit the brown ugly thing but do no damage.
The brown ugly thing is severely wounded.
You block the white ugly thing's attack.
You block the brown ugly thing's attack.
You sock the brown ugly thing! You burn the brown ugly thing.
The brown ugly thing is severely wounded.
You block the white ugly thing's attack.
The brown ugly thing gores you but does no damage.
You hit the brown ugly thing but do no damage.
The brown ugly thing is severely wounded.
The white ugly thing trunk-slaps you but does no damage.
You block the brown ugly thing's attack.
The white ugly thing trunk-slaps you but does no damage.
The brown ugly thing misses you.
You thump the brown ugly thing! You burn the brown ugly thing.
You kill the brown ugly thing!
The white ugly thing trunk-slaps you but does no damage.
You hit the white ugly thing. You burn the white ugly thing.
The white ugly thing is lightly wounded.
The white ugly thing trunk-slaps you!
* * * LOW HITPOINT WARNING * * *
The white ugly thing freezes you! You resist.
* * * LOW HITPOINT WARNING * * *
The white ugly thing trunk-slaps you.
* * * LOW HITPOINT WARNING * * *
The white ugly thing freezes you! You resist.
You die...

#...##..'~.†_....... , * , , #+#
##.#.#..'~....._..P. ,~* *, .#.
##.##)..#≈≈......... ,~**,* #'#
##......##≈~~~≈≈≈≈≈≈ ~~* ,, .#.
....P...###++############ ** *###
..............###################
......P.............)............
.P.∩.......##..##u.))......... *
...~~...P.#.#..#@#...#...##..
..∩~~∩....##...†##..###...#uu{.#.
...∩.................#....##u.u..
.....P...#########...u..u..u..#,
#........##########.#.###.##u##
#.##.#########################
######## ##############


You could see a white ugly thing.

Vanquished Creatures
  Frances (D:13)
  Azrael (D:14)
  A yaktaur captain (D:15)
  A fire dragon (D:13)
  A rakshasa (D:15)
  A vault guard (D:14)
  7 boulder beetles
  5 ogre magi
  11 hydras
  3 catoblepae
  15 two-headed ogres
  A merfolk aquamancer (D:13)
  6 centaur warriors
  An orc high priest (D:10)
  3 tengu warriors
  10 death yaks
  A sun demon (D:13)
  A skeletal warrior (D:15)
  4 orc knights
  A wizard (D:12)
  Pikel (D:4)
  A deep elf zephyrmancer (D:13)
  2 lindwurms (Lair:5)
  3 deep elf pyromancers
  6 manticores
  An oklob plant (Orc:1)
  2 wolf spiders (D:15)
  14 ugly things
  8 cyclopes
  5 elephants
  An elephant (shapeshifter) (D:15)
  3 torpor snails (Lair:4)
  5 gargoyles
  3 black mambas
  3 water nymphs (D:13)
  7 cane toads
  5 rime drakes
  9 komodo dragons
  2 unseen horrors
  3 efreet (D:13)
  A yaktaur (D:15)
  4 trolls
  A hornet (D:8)
  Grinder (D:4)
  11 dream sheep
  14 blink frogs
  A raiju (shapeshifter) (D:15)
  A tyrant leech (Lair:2)
  3 slime creatures (D:14)
  A shadow (D:7)
  A vampire (D:12)
  6 wyverns
  2 wraiths
  4 fire elementals
  52 yaks
  5 basilisks
  11 humans
  11 vampire mosquitoes
  4 wargs
  3 nagas (Lair:3)
  3 swamp worms (Lair:2)
  3 acid dragons
  15 water moccasins
  3 hell hounds
  14 orc warriors
  A black bear (Lair:4)
  An ice beast (D:6)
  A sky beast (D:8)
  32 ogres
  A phantom (D:7)
  13 centaurs
  2 kobold brigands
  A necrophage (D:13)
  12 bullfrogs
  A gnoll sergeant (D:10)
  3 scorpions
  7 wights (D:8)
  10 killer bees
  3 howler monkeys
  2 gnoll boudas
  4 hounds
  13 orc priests
  4 jellies
  17 orc wizards
  6 iguanas
  Robin (D:4)
  12 gnolls
  5 adders
  A shadow imp (D:5)
  2 white imps
  2 ufetubi
  3 worms
  2 dart slugs
  83 orcs
  5 endoplasms
  3 giant cockroaches
  6 hobgoblins
  3 jackals (D:2)
  5 quokkas
  7 ball pythons
  4 bats
  7 frilled lizards
  15 goblins
  12 kobolds
  6 rats
  A spectral goblin (D:4)
653 creatures vanquished.

Vanquished Creatures (others)
  2 slime creatures (D:15)
  A vampire mosquito (D:14)
  16 fungi
  30 plants
49 creatures vanquished.

Grand Total: 702 creatures vanquished

Notes
Turn   | Place    | Note
-------+----------+-------------------------------------------
     0 | D:1      | concernfroge the Mummy Monk began the quest for the Orb.
     0 | D:1      | Reached XP level 1. HP: 18/18 MP: 1/1
   106 | D:1      | Reached XP level 2. HP: 13/24 MP: 2/2
   991 | D:2      | Found a shimmering altar of Xom.
  1010 | D:2      | Gained mutation: You are in touch with the powers of death.
                  | [Mummy growth]
  1010 | D:2      | Reached XP level 3. HP: 30/30 MP: 3/3
  1511 | D:2      | Identified the +0 robe "Ekkas" {rN+ Will+ Regen+ Int-3}
  1615 | D:2      | Found a runed translucent door.
  1616 | D:2      | Noticed Crazy Yiuf
  1986 | D:2      | Found a faded altar of an unknown god.
  2232 | D:3      | Noticed a scorpion
  2262 | D:4      | Reached XP level 4. HP: 38/38 MP: 4/4
  2322 | D:4      | Reached skill level 5 in Fighting
  2382 | D:4      | Noticed Grinder
  2435 | D:4      | Paralysed by Grinder for 2 turns
  2439 | D:4      | Paralysed by Grinder for 4 turns
  2459 | D:4      | Paralysed by Grinder for 2 turns
  2471 | D:4      | Paralysed by Grinder for 5 turns
  2479 | D:4      | Killed Grinder
  2480 | D:4      | Reached XP level 5. HP: 34/47 MP: 5/5
  2480 | D:4      | Reached XP level 6. HP: 38/53 MP: 6/6
  2592 | D:4      | Noticed Pikel
  2726 | D:3      | Found an ornate altar of the Wu Jian Council.
  2831 | D:3      | Found the +18 Lear's hauberk
  2965 | D:3      | Identified the +6 quarterstaff "Cakhen" {vorpal, Int+3}
  3392 | D:4      | Noticed Robin
  3397 | D:4      | Killed Robin
  3894 | D:4      | Killed Pikel
  3895 | D:4      | Reached XP level 7. HP: 64/64 MP: 7/7
  3953 | D:4      | Found a hazy altar of Hepliaklqana.
  4022 | D:5      | Entered Level 5 of the Dungeon
  4210 | D:5      | Reached XP level 8. HP: 52/72 MP: 8/8
  4334 | D:5      | Reached skill level 10 in Fighting
  4362 | D:5      | Reached skill level 1 in Staves
  5073 | D:6      | Found an opulent altar of Gozag.
  5239 | D:6      | Reached skill level 5 in Staves
  5623 | D:7      | Reached XP level 9. HP: 75/78 MP: 9/9
  6370 | D:7      | You fall into a shaft and drop 2 floors!
  6377 | D:9      | Found Lenexzol's Book Boutique.
  6490 | D:9      | Found the +3 greatsling "Punk" {acid, rCorr}
  6499 | D:9      | Reached XP level 10. HP: 34/85 MP: 10/10
  6739 | D:9      | Reached skill level 1 in Ranged Weapons
  7012 | D:9      | Found a stormy altar of Qazlal.
  7013 | D:9      | Found a blossoming altar of Fedhas.
  7164 | D:9      | Found a bloodstained altar of Trog.
  7454 | D:7      | Found a staircase to the Ecumenical Temple.
  7475 | Temple   | Entered the Ecumenical Temple
  7480 | Temple   | Became a worshipper of Ashenzari the Shackled
  7740 | D:7      | Reached * piety under Ashenzari
  7847 | D:8      | Identified a scroll of acquirement
  7856 | D:8      | Acquired a manual of Armour
  7907 | D:8      | Reached skill level 1 in Armour
  7925 | D:8      | Reached skill level 5 in Ranged Weapons
  8368 | D:8      | Found a staircase to the Lair.
  8377 | D:8      | Reached ** piety under Ashenzari
  8453 | D:8      | Found a hide-covered altar of Uskayaw.
  8828 | D:8      | Found a burning altar of Makhleb.
  8828 | D:8      | Found an iron altar of Okawaru.
  8982 | D:10     | Entered Level 10 of the Dungeon
  9400 | D:10     | Reached XP level 11. HP: 72/90 MP: 11/11
  9423 | D:10     | Reached skill level 5 in Armour
  9682 | D:10     | Found a sacrificial altar of Ru.
  9884 | D:10     | Found a staircase to the Orcish Mines.
  9884 | D:10     | Found the +0 staff of Battle
 10049 | D:10     | Found a basalt altar of Yredelemnul.
 10123 | D:11     | Noticed a two-headed ogre
 10124 | D:11     | Noticed a two-headed ogre
 10126 | D:11     | Noticed a two-headed ogre
 10132 | D:11     | Noticed an ogre mage
 10136 | D:11     | Killed a two-headed ogre
 10145 | D:11     | Killed an ogre mage
 10153 | D:11     | Killed a two-headed ogre
 10250 | D:11     | Killed a two-headed ogre
 11130 | D:11     | Reached XP level 12. HP: 90/97 MP: 12/12
 11774 | Lair:1   | Entered Level 1 of the Lair of Beasts
 12009 | Lair:1   | Reached *** piety under Ashenzari
 12009 | Lair:1   | Reached **** piety under Ashenzari
 12009 | Lair:1   | Reached ***** piety under Ashenzari
 12091 | Lair:1   | Reached skill level 10 in Ranged Weapons
 12674 | Lair:1   | Noticed a four-headed hydra
 12684 | Lair:1   | Killed a four-headed hydra
 12685 | Lair:1   | Reached skill level 1 in Throwing
 12685 | Lair:1   | Reached skill level 1 in Evocations
 12851 | Lair:1   | Noticed a catoblepas
 12865 | Lair:1   | Killed a catoblepas
 13161 | Lair:2   | Noticed a seven-headed hydra
 13451 | Lair:2   | Reached skill level 10 in Staves
 13471 | Lair:2   | Found a staircase to the Swamp.
 13570 | Lair:2   | Noticed an eight-headed hydra
 13575 | Lair:2   | Killed an eight-headed hydra
 13765 | Lair:2   | Noticed a five-headed hydra
 14080 | Lair:3   | Reached skill level 10 in Armour
 14260 | Lair:3   | Gained mutation: You are strongly in touch with the powers
                  | of death. [Mummy growth]
 14260 | Lair:3   | Reached XP level 13. HP: 87/108 MP: 13/13
 14347 | Lair:3   | Found a staircase to the Snake Pit.
 15761 | Lair:4   | Found a staircase to the Slime Pits.
 16138 | Lair:5   | Entered Level 5 of the Lair of Beasts
 16491 | Lair:5   | Reached skill level 3 in Dodging
 16674 | Lair:5   | Reached skill level 4 in Dodging
 16765 | Lair:5   | Reached skill level 5 in Dodging
 16765 | Lair:5   | Reached XP level 14. HP: 104/115 MP: 14/14
 16930 | Lair:5   | Reached skill level 6 in Dodging
 18035 | D:12     | Reached skill level 7 in Dodging
 18399 | D:12     | Found a large runed translucent door.
 18399 | D:12     | Found a large runed translucent door.
 18403 | D:12     | Noticed SirLogeyBear's ghost (journeyman HOBe)
 18606 | D:12     | Reached skill level 8 in Dodging
 18947 | Orc:1    | Entered Level 1 of the Orcish Mines
 18996 | Orc:1    | Found a bloodstained altar of Trog.
 19149 | Orc:1    | Found Temem's Distillery.
 19410 | Orc:2    | Entered Level 2 of the Orcish Mines
 19410 | Orc:2    | Found Xeagadup's Overcharged Wands.
 19468 | Orc:1    | Reached skill level 5 in Evocations
 19785 | Orc:2    | Bought a wand of roots (18) for 648 gold pieces
 20230 | Orc:2    | Reached skill level 5 in Throwing
 20231 | Orc:2    | Found a staircase to the Elven Halls.
 20652 | Orc:2    | Reached skill level 9 in Dodging
 20783 | Orc:2    | Found Wihewar's Assorted Antiques.
 20783 | Orc:2    | Found Kilune Mada's Magic Scroll Boutique.
 20784 | Orc:2    | Found Migeh's General Store.
 20784 | Orc:2    | Found Naanassi's Weapon Emporium.
 21015 | Orc:2    | Bought a jewelled bone wand for 132 gold pieces
 21016 | Orc:2    | Bought a scroll of blinking for 75 gold pieces
 21368 | D:13     | Noticed Frances
 21382 | D:13     | Killed Frances
 21418 | D:13     | Reached XP level 15. HP: 121/121 MP: 15/15
 21828 | D:13     | Reached skill level 10 in Dodging
 22686 | D:14     | Noticed Azrael
 22827 | D:14     | Reached skill level 11 in Dodging
 22854 | D:14     | Found a gate to the Vaults.
 23234 | D:14     | Killed Azrael
 23649 | D:15     | Entered Level 15 of the Dungeon
 23739 | D:15     | Reached skill level 1 in Maces & Flails
 23739 | D:15     | Reached skill level 1 in Shields
 24528 | D:15     | Reached skill level 12 in Dodging
 24739 | D:15     | Noticed Jorgrun
 24746 | D:15     | Found a stormy altar of Qazlal.
 25062 | D:15     | Found a shadowy altar of Dithmenos.
 25063 | D:15     | Found an iron altar of Okawaru.
 25232 | D:15     | HP: 5/124 [white ugly thing (6)]
 25232 | D:15     | Slain by a white ugly thing

Illustrated notes

Levels and vault maps discovered:
D:1:      eino_arrival_tree_alley, layout_loops_cross
D:2:      layout_basic, basic_altar, serial_glass, glass_columns_b,
          glass_columns_a, shapermc_ecumenical_altar_notcrosses,
          hangedman_decor_growths, uniq_crazy_yiuf_cottage
D:3:      layout_basic, mainiacjoe_overflow_alcove_2, serial_park_tiny_pond,
          kennysheep_generic_room_13
D:4:      layout_basic, nicolae_hepliaklqana_monster_ancestors, uniq_robin,
          uniq_pikel, uniq_grinder
D:5:      layout_rooms
D:6:      layout_basic, lemuel_crystal_altar
D:7:      layout_rooms, minmay_temple_entry_hall, grunt_decor_resistance,
          dreamdust_princess_corridor
D:8:      layout_basic, nicolae_uskayaw_dance_hall,
          gammafunk_temple_overflow_elements, david_lair_shrubbed
D:9:      layout_cave_pools, grunt_temple_overflow_forces_of_nature,
          overflow_temple_1_default, serial_shops,
          nicolae_shop_competitors_out_of_business
D:10:     layout_loops_ring, nicolae_ru_awakened_eye, marbit_many_paths,
          minmay_orc_entry_temple_small
D:11:     layout_stronghold
D:12:     layout_grid_maze, ebering_ghost_disaster_area
D:13:     minmay_firetagon, layout_loops_corners, hangedman_stone_soup,
          nicolae_kite_square_tiling_tiny, nicolae_splish_splash, uniq_frances
D:14:     layout_basic, ximxim_vaults_locker_room, minivault_16, uniq_azrael
D:15:     hangedman_slaughterboxes, serial_shops, uniq_jorgrun
Temple:   minmay_freezing_vapour_temple
Lair:1:   layout_small_grid, infiniplex_staircase_pool_2
Lair:2:   layout_concentric_octagons, palyth_hydra_swamp_entry
Lair:3:   layout_cave_pods, guppyfry_snake_entry_garden,
          chequers_serial_rivers_large_a
Lair:4:   layout_cave_pods, slime_entry_1, serial_bayou_pond_a
Lair:5:   hangedman_lair_in_review, layout_long_grid
Orc:1:    layout_diamond_mine, serial_shops, shop, basic_altar, mines3_lemuel
Orc:2:    st_orc_ogre_mass, layout_caves, nicolae_shop_overcharged_wands

Skill      XL: |  1  2  3  4  5  6  7  8  9 10 11 12 13 14 15 |
---------------+----------------------------------------------+-----
Fighting       | 4 6 9 10 | 10.0
Staves         | 5 9 10 11 | 11.6
Ranged Weapons | 5 8 10 | 10.5
Armour         | 4 8 10 11 | 11.7
Throwing       | 1 4 5 |  5.6
Evocations     | 1 4 6 |  6.5
Dodging        | 5 9 12 | 12.0
Maces & Flails | 3 |  3.7
Shields        | 3 |  3.7
Polearms       | |  2.4
Stealth        | |  1.5

Action                   |  1- 3 |  4- 6 |  7- 9 | 10-12 | 13-15 || total
-------------------------+-------+-------+-------+-------+-------++-------
Melee: Trident           |   152 |    46 |       |       |       ||   198
       Spear             |     9 |       |       |       |       ||     9
       Punch             |     2 |       |       |       |       ||     2
       Quarterstaff      |       |    36 |   219 |   422 |   480 ||  1157
       Eveningstar       |       |       |       |       |   215 ||   215
 Fire: Greatsling        |       |       |       |   186 |   651 ||   837
Throw: Stone             |     2 |     7 |       |       |       ||     9
       Dart              |       |     1 |     6 |    17 |    16 ||    40
       Throwing net      |       |       |       |     2 |       ||     2
Invok: Curse Item        |       |       |       |     7 |     1 ||     8
       Shatter the Chain |       |       |       |     2 |       ||     2
Evoke: Wand              |       |       |       |     2 |    10 ||    12
  Use: Scroll            |       |       |    11 |     6 |     6 ||    23
 Stab: Sleeping          |     3 |       |       |       |       ||     3
       Paralysed         |       |       |       |       |    10 ||    10
Armor: Ring mail         |    27 |       |       |       |       ||    27
       Chain mail        |    53 |    39 |   207 |   215 |   475 ||   989
Dodge: Dodged            |    70 |    27 |    88 |   123 |   284 ||   592
Block: Other             |       |       |       |    62 |    98 ||   160
       Reflection        |       |       |       |     1 |    18 ||    19
       Tower shield      |       |       |       |       |   247 ||   247
